 Dungeon Crawl Stone Soup version 0.31-a0-1008-g5b978dac0e (webtiles) character file.

Game seed: 12140285227420099350

28919 Queen the Arsonist (level 13, -5/86 HPs)
             Began as a Grey Draconian Fire Elementalist on Nov 13, 2023.
             Was an Elder of Vehumet.
             Slain by a polar bear (6 damage)
             ... on level 4 of the Lair of Beasts.
             The game lasted 01:12:53 (23509 turns).

Queen the Arsonist (DrFE)                          Turns: 23509, Time: 01:12:54

Health: -5/86      AC: 16    Str: 14    XL:     13   Next: 12%
Magic:  1/25       EV: 15    Int: 19    God:    Vehumet [****..]
Gold:   394        SH:  0    Dex: 12    Spells: 1/29 levels left

rFire   + . .        I - +0 war axe of Eluuxzukh {flame, Str+2 SInv}
rCold   x . .        (no shield)
rNeg    . . .        (body armour unavailable)
rPois   .            (helmet restricted)
rElec   .            (no cloak)
rCorr   .            z - +0 pair of gloves
SInv    +            e - +1 pair of boots
Will    .....        t - amulet of the acrobat
Stlth   ++++         C - ring of see invisible
HPRegen 0.34/turn    c - ring of fire
MPRegen 0.19/turn

%: acrobat
@: no status effects
A: AC +13, amphibious, unfitting armour, cold-blooded
a: Renounce Religion


You were on level 4 of the Lair of Beasts.
You worshipped Vehumet.
Vehumet was greatly pleased with you.
You visited 3 branches of the dungeon, and saw 17 of its levels.

You collected 916 gold pieces.
You spent 522 gold pieces at shops.

Inventory:

Hand Weapons
 I - the +0 war axe of Eluuxzukh (weapon) {flame, Str+2 SInv}
   (You found it on level 3 of the Lair of Beasts)

   Str+2:     It affects your strength (+2).
   SInv:      It lets you see invisible.
Armour
 e - a +1 pair of boots (worn)
 z - a +0 pair of gloves (worn)
Jewellery
 b - a +4 ring of slaying
 c - a ring of fire (right hand)
 t - an amulet of the acrobat (around neck)
 v - a ring of resist corrosion
 C - a ring of see invisible (left hand)
Wands
 a - a wand of roots (8)
 G - a wand of digging (4)
Scrolls
 f - 2 scrolls of enchant armour
 j - a scroll of enchant weapon
 o - a scroll of blinking {unknown}
 q - 3 scrolls of silence {unknown}
 w - a scroll of fear {unknown}
 y - 3 scrolls of immolation
 A - a scroll of brand weapon {unknown}
 B - 3 scrolls of amnesia {unknown}
 E - a scroll of vulnerability {unknown}
 F - 6 scrolls of teleportation
Potions
 d - a potion of cancellation
 g - a potion of enlightenment
 h - 3 potions of lignification
 i - 2 potions of ambrosia
 k - 5 potions of curing
 l - a potion of heal wounds
 m - a potion of resistance
 n - 5 potions of might
 p - a potion of mutation
 r - a potion of berserk rage
 s - 2 potions of degeneration {unknown}
 u - 2 potions of haste
 x - a potion of attraction {unknown}
 D - a potion of brilliance {unknown}


   Skills:
 + Level 8.9 Dodging
 + Level 9.8 Stealth
 + Level 8.9 Spellcasting
 + Level 9.4 Conjurations
 * Level 10.2 Fire Magic
 - Level 10.0 Earth Magic


You had one spell level left.
You knew the following spells:

 Your Spells              Type           Power      Damage    Failure   Level
a - Foxfire               Conj/Fire      100%       2x1d9     1%          1
b - Scorch                Fire           100%       2d9       1%          2
c - Inner Flame           Hex/Fire       41%        N/A       1%          3
d - Fireball              Conj/Fire      31%        3d13      1%          5
e - Sandblast             Erth           92%        2d19      1%          1
f - Stone Arrow           Conj/Erth      90%        3d12      1%          3
g - Flame Wave            Conj/Fire      62%        2d14      1%          4
h - Passwall              Tmut/Erth      22%        N/A       1%          2
i - Brom's Barrelling Bo  Conj/Erth      45%        2d6       1%          4
j - Volatile Blastmotes   Fire/Tloc      82%        2d16      1%          3

Your spell library contained the following spells:

 Spells                   Type           Power      Damage    Failure   Level
 Olgreb's Toxic Radiance  Pois           8%         N/A       21%         4
 Kiss of Death            Conj/Necr      100%       2d13      1%          1
 Slow                     Hex            32%        N/A       9%          1
 Irradiate                Conj/Tmut      13%        3d16      9%          5
 Cigotuvi's Dreadful Rot  Necr/Pois/Air  16%        N/A       13%         2
 Ensorcelled Hibernation  Hex/Ice        16%        N/A       13%         2
 Jinxbite                 Hex            16%        N/A       13%         2
 Lesser Beckoning         Tloc           16%        N/A       13%         2
 Wereblood                Tmut           8%         N/A       13%         2
 Confusing Touch          Hex            8%         N/A       26%         3
 Gell's Gravitas          Tloc           8%         N/A       26%         3
 Sigil of Binding         Hex            8%         N/A       26%         3
 Teleport Other           Tloc           8%         N/A       26%         3
 Vampiric Draining        Necr           8%         2d6       26%         3
 Anguish                  Hex/Necr       4%         N/A       63%         4
 Cause Fear               Hex            4%         N/A       63%         4
 Dispel Undead            Necr           8%         3d8       63%         4
 Death Channel            Necr           4%         N/A       100%        6
 Dragon's Call            Summ           4%         N/A       100%        9


Dungeon Overview and Level Annotations

Branches:
Dungeon (12/15)            Temple (1/1) D:4            Lair (4/5) D:11
 Shoals (0/4) Lair:2        Snake (0/4) Lair:2          Orc (0/2) D:11
  Slime: Lair:4-5

Altars:
Ashenzari
Cheibriados
Dithmenos
Elyvilon
Fedhas
Gozag
Hepliaklqana
Kikubaaqudgha
Makhleb
Nemelex Xobeh
Okawaru
Qazlal
Ru
Sif Muna
Trog
Uskayaw
Vehumet
Wu Jian
Xom
Yredelemnul
Zin
The Shining One

Shops:
D:5 =   D:6 =   D:10 (**(:

Annotations:
D:8 exclusion: downstairs
D:9 exclusions: door and orange crystal statue
D:10 exclusion: downstairs
D:11 exclusions: downstairs and 1 more exclusion, crabbyslav's ghost, journeyman DsNe


Innate Abilities, Weirdness & Mutations

Your dull iron-grey scales are very hard. (AC +13)
You are amphibious.
You cannot fit into any form of body armour.
You are cold-blooded and may be slowed by cold attacks.


Message History

The polar bear is severely wounded.
The polar bear completely misses you. The polar bear closely misses you.
The polar bear completely misses you. x2; The polar bear barely misses you.
The polar bear claws you but does no damage.
The forest fire spreads!
You closely miss the polar bear. You tail-slap the polar bear.
The polar bear is severely wounded.
The polar bear misses you. x2; The polar bear barely misses you. x2
The polar bear closely misses you. The polar bear barely misses you.
The polar bear bites you. The polar bear closely misses you.
The polar bear misses you.
You barely miss the polar bear.
The polar bear is severely wounded.
The polar bear misses you. The polar bear closely misses you.
The polar bear claws you but does no damage.
The polar bear bites you! The polar bear barely misses you. x2
The forest fire spreads!
Casting: Scorch (safe; 1% risk of failure)
Confirm with . or Enter, or press ? or * to list all spells.
You feel a surge of power!
Flames lash the polar bear but do no damage.
The polar bear completely misses you. The polar bear misses you. x2
You hit the polar bear but do no damage.
You tail-slap the polar bear.
The polar bear is almost dead.
The polar bear bites you but does no damage.
The polar bear barely misses you.
The polar bear claws you but does no damage.
The polar bear bites you! The polar bear closely misses you.
The polar bear misses you. The polar bear bites you!
* * * LOW HITPOINT WARNING * * *
The polar bear misses you. The polar bear claws you.
* * * LOW HITPOINT WARNING * * *
You hit the polar bear. You burn the polar bear.
You tail-slap the polar bear, but do no damage.
The polar bear is almost dead.
The polar bear bites you!
* * * LOW HITPOINT WARNING * * *
The polar bear claws you.
You die...

#### ###..#### #.......####
#..........# ##.#.....♣♣♣.
#......○○♣ ### ##@..§.†○§♣
### #.## #.h♣....○§.♣
##.####..######..♣♣......♣
......).[..##...#.♣♣.......
######.##.........P.........
######............~~...
###..........~≈~..
#....P....~ ##........~


You could see a polar bear (berserk).

Vanquished Creatures
  Snorg (Lair:4)
  A boulder beetle (D:11)
  A hydra (Lair:4)
  3 two-headed ogres
  2 skysharks
  2 cyclopes (D:11)
  A manticore (Lair:2)
  A centaur zombie (D:12)
  9 elephants
  3 black mambas
  2 cane toads
  4 rime drakes
  An unseen horror (D:12)
  3 komodo dragons
  3 polar bears
  7 trolls
  5 blink frogs (Lair:2)
  A wind drake (Lair:2)
  A meliai zombie (D:12)
  3 shadows
  3 centaur simulacra (D:11)
  A spriggan (Lair:2)
  A wraith (D:12)
  25 yaks
  4 wyverns
  Eustachio (D:6)
  2 basilisks (Lair:2)
  Menkaure (D:6)
  9 water moccasins
  Edmund (D:6)
  3 nagas (Lair:2)
  An acid dragon (D:11)
  Duvessa (D:6)
  4 orc warriors (D:11)
  3 ice beasts
  A sky beast (D:7)
  5 black bears
  2 ogres
  4 centaurs
  5 wolves
  A phantom (D:7)
  8 bullfrogs
  2 kobold brigands
  2 scorpions
  6 wights (D:9)
  Dowan (D:6)
  10 killer bees
  4 electric eels
  4 howler monkeys
  3 jellies
  4 orc priests
  7 hounds
  3 gnoll boudas
  2 sleepcaps
  12 orc wizards
  An iguana (D:4)
  10 gnolls
  6 adders
  A shadow imp (D:6)
  A white imp (D:11)
  2 ufetubi (D:7)
  A dart slug (D:1)
  31 orcs
  3 bats
  5 endoplasms (D:1)
  3 giant cockroaches
  6 goblins
  6 hobgoblins
  9 kobolds
  5 quokkas
  5 ball pythons
  2 frilled lizards
  8 rats
305 creatures vanquished.

Vanquished Creatures (collateral kills)
  A boulder (D:11)
  12 foxfires
13 creatures vanquished.

Vanquished Creatures (others)
  861 foxfires
861 creatures vanquished.

Grand Total: 1179 creatures vanquished

Notes
Turn   | Place    | Note
-------+----------+-------------------------------------------
     0 | D:1      | Queen the Draconian Fire Elementalist began the quest for
                  | the Orb.
     0 | D:1      | Reached XP level 1. HP: 14/14 MP: 3/3
   275 | D:1      | Reached XP level 2. HP: 20/20 MP: 0/5
   278 | D:1      | Learned a level 2 spell: Scorch
  1128 | D:2      | Reached XP level 3. HP: 26/26 MP: 2/6
  1298 | D:2      | You fall into a shaft and drop 1 floor!
  1352 | D:3      | Noticed an ogre
  1357 | D:3      | Killed an ogre
  1358 | D:3      | Reached XP level 4. HP: 33/33 MP: 0/8
  1528 | D:3      | Found a bloodstained altar of Trog.
  1773 | D:3      | Reached XP level 5. HP: 34/38 MP: 4/9
  1817 | D:3      | Found a burning altar of Makhleb.
  1817 | D:3      | Noticed a balrug
  1822 | D:3      | Noticed a neqoxec
  1822 | D:3      | Noticed an orange demon
  1847 | D:3      | Learned a level 3 spell: Inner Flame
  1851 | D:3      | Learned a level 3 spell: Volatile Blastmotes
  2830 | D:4      | Found a radiant altar of Vehumet.
  2842 | D:4      | Became a worshipper of Vehumet
  2903 | D:4      | Reached XP level 6. HP: 26/45 MP: 4/10
  3054 | D:4      | Found a staircase to the Ecumenical Temple.
  3065 | Temple   | Entered the Ecumenical Temple
  3161 | D:4      | Identified the +1 helmet "Iguh" {rF+ Int+5}
  3223 | D:4      | Found a broken altar of Ashenzari.
  3305 | D:5      | Entered Level 5 of the Dungeon
  3416 | D:5      | Found Lujuw's One-of-a-Kind Rings.
  3850 | D:5      | Your scales start taking on a dull iron-grey colour.
  3850 | D:5      | Reached XP level 7. HP: 50/50 MP: 3/12
  4579 | D:6      | Noticed Edmund
  4598 | D:6      | Killed Edmund
  4902 | D:6      | Reached * piety under Vehumet
  4902 | D:6      | Offered knowledge of Kiss of Death by Vehumet.
  4905 | D:6      | Learned a level 1 spell: Sandblast
  4909 | D:6      | Learned a level 3 spell: Stone Arrow
  4922 | D:6      | Noticed Dowan
  4923 | D:6      | Noticed Duvessa
  4926 | D:6      | Killed Dowan
  4927 | D:6      | Reached skill level 5 in Fire Magic
  5052 | D:6      | Reached XP level 8. HP: 47/57 MP: 7/14
  5313 | D:6      | Found an iron altar of Okawaru.
  5331 | D:6      | Noticed Menkaure
  5334 | D:6      | Killed Menkaure
  5375 | D:6      | Noticed Eustachio
  5405 | D:6      | Found an opulent altar of Gozag.
  5433 | D:6      | Killed Eustachio
  5566 | D:6      | Found Ofebb's Jewellery Boutique.
  6083 | D:6      | Found a hide-covered altar of Uskayaw.
  6105 | D:6      | Killed Duvessa
  6106 | D:6      | Reached skill level 5 in Stealth
  6206 | D:6      | Found an ornate altar of the Wu Jian Council.
  6359 | D:7      | Reached skill level 1 in Earth Magic
  6570 | D:6      | Found an iron altar of Okawaru.
  6599 | D:6      | Found an opulent altar of Gozag.
  6703 | D:6      | Found Ofebb's Jewellery Boutique.
  7019 | D:6      | Found a hide-covered altar of Uskayaw.
  7022 | D:6      | Found an ornate altar of the Wu Jian Council.
  7496 | D:7      | Reached skill level 5 in Conjurations
  7539 | D:7      | Reached skill level 5 in Spellcasting
  7566 | D:7      | Reached skill level 5 in Dodging
  7566 | D:7      | Reached XP level 9. HP: 53/62 MP: 1/16
  7970 | D:7      | Learned a level 4 spell: Flame Wave
  8443 | D:8      | Found an ancient bone altar of Kikubaaqudgha.
  8642 | D:8      | Noticed a two-headed ogre
  8659 | D:8      | Killed a two-headed ogre
  9053 | D:8      | Reached skill level 5 in Earth Magic
  9340 | D:8      | Found an ancient bone altar of Kikubaaqudgha.
 10306 | D:8      | Found an ancient bone altar of Kikubaaqudgha.
 11009 | D:9      | Found a sacrificial altar of Ru.
 11815 | D:9      | Learned a level 2 spell: Passwall
 11881 | D:9      | Found a blossoming altar of Fedhas.
 11946 | D:9      | Found a shimmering blue altar of Sif Muna.
 12243 | D:9      | Noticed an orange crystal statue
 12327 | D:9      | Reached XP level 10. HP: 67/67 MP: 8/18
 12622 | D:9      | Found a sacrificial altar of Ru.
 12720 | D:9      | Reached ** piety under Vehumet
 12989 | D:9      | Found a blossoming altar of Fedhas.
 13027 | D:9      | Found a shimmering blue altar of Sif Muna.
 13600 | D:10     | Entered Level 10 of the Dungeon
 13615 | D:10     | Offered knowledge of Searing Ray by Vehumet.
 13663 | D:10     | Found Bosiggeso's Weapon Emporium.
 13682 | D:10     | Found a basalt altar of Yredelemnul.
 13753 | D:10     | Found Izxil's Assorted Antiques.
 13757 | D:10     | Bought a scroll of identify for 74 gold pieces
 13818 | D:10     | Found Egihein's Assorted Antiques.
 13826 | D:10     | Bought a scroll of identify for 64 gold pieces
 13826 | D:10     | Bought a runed orb for 384 gold pieces
 13841 | D:10     | Found Seffusem's Weapon Emporium.
 13923 | D:10     | Noticed a two-headed ogre
 13938 | D:10     | Killed a two-headed ogre
 13999 | D:10     | Found a shadowy altar of Dithmenos.
 14348 | D:10     | Found Vochiss's Book Shop.
 14437 | D:10     | Found a white marble altar of Elyvilon.
 14515 | D:10     | Found a glowing silver altar of Zin.
 14744 | D:10     | Found a basalt altar of Yredelemnul.
 14767 | D:10     | Found Bosiggeso's Weapon Emporium.
 14796 | D:10     | Found Izxil's Assorted Antiques.
 14858 | D:10     | Found a shadowy altar of Dithmenos.
 14875 | D:10     | Found Egihein's Assorted Antiques.
 14880 | D:10     | Found Seffusem's Weapon Emporium.
 14985 | D:10     | Found a glowing silver altar of Zin.
 15055 | D:10     | Found Vochiss's Book Shop.
 15067 | D:10     | Found a white marble altar of Elyvilon.
 15387 | D:11     | Noticed a cyclops
 15395 | D:11     | Killed a cyclops
 15504 | D:11     | Found a runed translucent gate.
 15505 | D:11     | Found a runed translucent gate.
 15505 | D:11     | Found a runed translucent gate.
 15702 | D:11     | Noticed crabbyslav's ghost (journeyman DsNe)
 15730 | D:11     | Noticed a cyclops
 15737 | D:11     | Killed a cyclops
 15738 | D:11     | Reached XP level 11. HP: 74/74 MP: 11/20
 15800 | D:11     | Found a staircase to the Lair.
 15848 | D:11     | Noticed a two-headed ogre
 16001 | D:11     | Learned a level 4 spell: Brom's Barrelling Boulder
 16056 | D:11     | Offered knowledge of Dazzling Flash by Vehumet.
 16489 | D:11     | Killed a two-headed ogre
 16616 | D:11     | Reached *** piety under Vehumet
 16972 | D:11     | Noticed a boulder beetle
 16996 | D:11     | Killed a boulder beetle
 17290 | D:11     | Found a staircase to the Orcish Mines.
 18530 | D:12     | Reached skill level 10 in Earth Magic
 18532 | D:12     | Noticed a deep elf pyromancer
 18903 | D:15     | Identified the of Utoith
 18903 | Lair:1   | Entered Level 1 of the Lair of Beasts
 19214 | Lair:1   | Reached XP level 12. HP: 81/81 MP: 13/23
 19320 | Lair:1   | Offered knowledge of Airstrike by Vehumet.
 20686 | Lair:2   | Reached **** piety under Vehumet
 20764 | Lair:2   | Found a staircase to the Shoals.
 21140 | Lair:2   | Offered knowledge of Olgreb's Toxic Radiance by Vehumet.
 21249 | Lair:2   | Found a staircase to the Snake Pit.
 21864 | Lair:3   | Learned a level 5 spell: Fireball
 22285 | Lair:3   | Identified the +0 war axe of Eluuxzukh {flame, Str+2 SInv}
 22939 | Lair:4   | Reached skill level 10 in Fire Magic
 22940 | Lair:4   | Reached XP level 13. HP: 86/86 MP: 6/25
 23361 | Lair:4   | Noticed Snorg
 23375 | Lair:4   | Killed Snorg
 23509 | Lair:4   | HP: 1/86 [polar bear (17)]
 23509 | Lair:4   | Slain by a polar bear

Illustrated notes

Levels and vault maps discovered:
D:1:      sevenhm_arrival_forest_fort_small_6, layout_basic
D:2:      layout_basic, uniq_jessica
D:3:      layout_loops_ring, makhleb_altar_promises_db,
          mainiacjoe_overflow_chevrons, minmay_strange_pillars,
          minmay_close_crescents
D:4:      layout_cave_pools, nicolae_vehumet_altar_sigil,
          nicolae_ashenzari_skybound, minmay_temple_entry_poolview
D:5:      layout_loops_corners, nicolae_shop_unique_rings
D:6:      layout_basic, okawaru_altar_gauntlet_db, grunt_gozag_statues,
          nicolae_overflow_squiral, serial_shops, nicolae_inconvenience_store,
          uniq_duvessa, uniq_eustachio, uniq_edmund, uniq_menkaure
D:7:      layout_cave_pools, nrook_campfire
D:8:      layout_loops_corners, mainiacjoe_overflow_catwalk,
          minmay_misc_feat_doors
D:9:      minmay_statue_hallways, layout_stronghold, general_overflow_altar,
          mainiacjoe_overflow_six_doors_small, mainiacjoe_overflow_alcove_1,
          hangedman_decor_clover_reticule
D:10:     layout_roguey, yredelemnul_altar_generic,
          mainiacjoe_overflow_tiny_flanked, mainiacjoe_overflow_24_doors,
          marbit_many_paths, serial_shops, nicolae_shop_back_alley_shop,
          nicolae_shop_real_fake_doors, nicolae_shop_tiny_glass, shop_fountains,
          shop
D:11:     layout_basic, minmay_lair_entry_grove, david_orc_4,
          gammafunk_ghost_icy
D:12:     layout_stronghold, serial_undead, serial_undead_e, serial_undead_d,
          serial_undead_d, serial_undead_d, minivault_8, uniq_lodul
Temple:   hellmonk_temple_beads
Lair:1:   layout_regular_city, gauntlet_entry_generic, grunt_forest_stairs_basic
Lair:2:   layout_small_grid, minmay_shoals_entry_beasts,
          nicolae_snake_entry_squirm, nicolae_quartered_pool_medium,
          grunt_forest_large_clearing_hut
Lair:3:   layout_loops_ring, serial_bayou, serial_bayou_ford_a,
          serial_bayou_lagoon_a, serial_bayou_pond_d, serial_bayou_lagoon_b
Lair:4:   layout_roguey, slime_entry_2, nicolae_lair_yak_garden, uniq_snorg

Skill      XL: |  1  2  3  4  5  6  7  8  9 10 11 12 |
---------------+-------------------------------------+-----
Stealth        | 2 3 4 5 6 7 8 9 |  9.8
Dodging        | 2 3 4 5 6 7 8 |  8.9
Conjurations   | 2 3 4 5 6 7 9 |  9.4
Spellcasting   | 3 4 5 6 7 8 |  8.9
Fire Magic     | 4 5 6 7 8 10 | 10.2
Earth Magic    | 2 5 8 10 | 10.0

Action                     |  1- 3 |  4- 6 |  7- 9 | 10-12 | 13-15 || total
---------------------------+-------+-------+-------+-------+-------++-------
  Melee: Unarmed           |     4 |       |       |       |       ||     4
         Dagger            |       |     4 |    45 |    39 |       ||    88
         Tailslap          |       |     1 |     7 |     6 |     4 ||    18
         Punch             |       |       |     1 |     1 |       ||     2
         War axe           |       |       |       |       |     9 ||     9
  Throw: Throwing net      |       |       |       |     1 |       ||     1
   Cast: Foxfire           |    35 |    73 |   143 |   259 |    10 ||   520
         Scorch            |     6 |    29 |   102 |   177 |     9 ||   323
         Volatile Blastmot |       |       |     8 |    21 |     1 ||    30
         Sandblast         |       |       |     3 |     2 |       ||     5
         Inner Flame       |       |       |     4 |    32 |       ||    36
         Flame Wave        |       |       |     2 |    17 |     1 ||    20
         Passwall          |       |       |     1 |     1 |       ||     2
         Brom's Barrelling |       |       |       |     4 |       ||     4
         Stone Arrow       |       |       |       |     1 |       ||     1
         Fireball          |       |       |       |    22 |    11 ||    33
  Evoke: Wand              |       |       |     1 |       |       ||     1
    Use: Scroll            |       |     3 |     5 |    11 |     1 ||    20
         Potion            |       |     2 |     1 |     2 |       ||     5
 Armour: Skin              |     2 |    19 |    73 |   153 |    36 ||   283
  Dodge: Dodged            |       |    18 |    68 |   203 |    72 ||   361

Table legend: (Time is in decaauts)
 A = Elapsed time spent in this place.
 B = Non-inter-level travel time spent in this place.
 C = Inter-level travel time spent in this place.
 D = Time resting spent in this place.
 E = Time spent auto-exploring this place.
 F = Levels seen in this place.
 G = Mean time per level.
                   A        B        C        D        E       F      G
               +--------+--------+--------+--------+--------+-----+--------+
         Total |  23503 |  22731 |    772 |   6581 |  13075 |  17 | 1382.5 |
       Dungeon |  18890 |  18247 |    643 |   5043 |  10835 |  12 | 1574.2 |
        Temple |      1 |      1 |      0 |      0 |      0 |   1 |    1.0 |
          Lair |   4611 |   4482 |    129 |   1538 |   2240 |   4 | 1152.8 |
               +--------+--------+--------+--------+--------+-----+--------+

Top non-repeatable levels by time:
    D:11: 3079 daAuts
     D:8: 2977 daAuts
     D:6: 2662 daAuts
     D:9: 2539 daAuts
    D:10: 2031 daAuts
  Lair:1: 1536 daAuts
  Lair:2: 1407 daAuts
     D:5: 1159 daAuts
     D:3: 1106 daAuts
  Lair:3: 1086 daAuts
     D:1: 1063 daAuts
     D:7: 941 daAuts
     D:4: 900 daAuts
  Lair:4: 581 daAuts
     D:2: 233 daAuts
